 Dungeon Crawl Stone Soup version 0.30-a0-715-gdb4ae3ece1 (webtiles) character file.

Game seed: 16069929781306695446

111 sokol815 the Chopper (level 4, -2/38 HPs)
             Began as a Demigod Fighter on Jan 25, 2023.
             Slain by a black bear (9 damage)
             ... on level 3 of the Dungeon.
             The game lasted 00:02:38 (1702 turns).

sokol815 the Chopper (Demigod Fighter)              Turns: 1702, Time: 00:02:38

Health: -2/38      AC:  6    Str: 17    XL:     4   Next: 36%
Magic:  6/6        EV:  9    Int: 10    God:
Gold:   70         SH:  5    Dex: 17    Spells: 3/3 levels left

rFire   . . .      SeeInvis .    a - +0 war axe
rCold   . . .      Faith    .    c - +0 buckler
rNeg    . . .      Spirit   .    b - +0 scale mail
rPois   .          Reflect  .    (no helmet)
rElec   .          Harm     .    (no cloak)
rCorr   .          Rampage  .    (no gloves)
Will    .....                    (no boots) Stlth
                                 (no amulet)
HPRegen 0.26/turn                (no ring)
MPRegen 0.10/turn                (no ring)

@: mighty
A: high MP 1, forlorn, divine attributes
a: no special abilities


You were on level 3 of the Dungeon.
You visited 1 branch of the dungeon, and saw 3 of its levels.

You collected 70 gold pieces.

Inventory:

Hand Weapons
 a - a +0 war axe (weapon)
 k - a +1 falchion of freezing
   (You took it off an orc on level 3 of the Dungeon)
Missiles
 s - 40 stones
Armour
 b - a +0 scale mail (worn)
 c - a +0 buckler (worn)
Wands
 i - a wand of iceblast (11)
   (You found it on level 2 of the Dungeon)
Scrolls
 d - a scroll of torment {unknown}
 e - a scroll of identify {@r1}
 f - a scroll of poison {!r}
 g - a scroll of teleportation {unknown}
 h - a scroll of enchant weapon {unknown}
Potions
 j - a potion of attraction {!q}
 B - a potion of brilliance
 G - a potion of ambrosia {!q}


   Skills:
 + Level 3.2 Fighting
 * Level 3.3 Axes
 + Level 3.1 Armour
 + Level 1.3 Dodging
 - Level 2.6 Shields


You had 3 spell levels left.
You didn't know any spells.
Your spell library contained the following spells:

 Spells                   Type           Power      Damage    Failure   Level
 Apportation              Tloc           0%         N/A       86%         1
 Slow                     Hex            0%         N/A       86%         1
 Ensorcelled Hibernation  Hex/Ice        0%         N/A       94%         2
 Passwall                 Tmut/Erth      0%         N/A       94%         2
 Confusing Touch          Hex            0%         N/A       99%         3
 Swiftness                Air            0%         N/A       99%         3
 Vampiric Draining        Necr           0%         2d6       99%         3
 Airstrike                Air            0%         2d(0-16)  100%        4
 Summon Lightning Spire   Summ/Air       0%         N/A       100%        4
 Alistair's Intoxication  Tmut/Pois      0%         N/A       100%        5
 Lightning Bolt           Conj/Air       0%         1d11      100%        5


Dungeon Overview and Level Annotations

Branches:
Dungeon (3/15) Zot: 16237

Shops:
D:2 *


Innate Abilities, Weirdness & Mutations

You have an increased reservoir of magic. (+10% MP)
You shall have no god before yourself.
Your divine heritage dramatically boosts your attributes as you level up.


Message History

You completely miss the orc. You block the orc's attack.
You have reached level 4!
You regained 7 hp, and now have 37/38 hp.
MP restored: 6 You hit the orc.
You barely miss the orc. The orc hits you but does no damage. x2
Health restored: 38 You hit the orc.
You kill the orc!
You hit the orc but do no damage. The orc hits you with a +0 mace.
An endoplasm comes into view.
You take 4 damage, and have 34/38 hp.
You hit the orc. You barely miss the orc. You block the orc's attack.
You slash the orc!
You kill the orc!
You hit the orc. The orc hits you with a +0 mace.
The orc hits you but does no damage. x2
You take 1 damage, and have 33/38 hp.
You barely miss the orc. You hit the orc. The orc closely misses you.
The orc barely misses you.
You hit the orc.
You kill the orc!
You hit the orc. You block the orc's attack. The endoplasm freezes you.
You are frozen.
The orc hits you but does no damage.
You take 2 damage, and have 31/38 hp.
You slash the orc!
You kill the orc!
You hit the endoplasm. The endoplasm freezes you.
You are frozen.
You take 3 damage, and have 28/38 hp.
You slash the endoplasm!
You kill the endoplasm!
No target in view!
No target in view!
Things that are here:
a +1 falchion of freezing; a +0 leather armour; a +0 short sword
k - a +1 falchion of freezing
Things that are here:
a +0 leather armour; a +0 short sword
There is a stone staircase leading down here.
A ball python comes into view.
Health restored: 38 You block the ball python's attack. x2
You barely miss the ball python.
The ball python bites you but does no damage.
You block the ball python's attack. x2
The ball python grabs you. The ball python constricts you.
You hit the ball python.
You kill the ball python!
No target in view!
No target in view!
A ball python comes into view.
The ball python hisses angrily.
You barely miss the ball python.
The ball python bites you but does no damage.
The ball python grabs you. The ball python constricts you.
You take 1 damage, and have 37/38 hp.
You hit the ball python. The ball python completely misses you.
The ball python constricts you. The ball python closely misses you.
The ball python constricts you.
You hit the ball python.
You kill the ball python!
No target in view!
No target in view!
You see here a ball python corpse.
Found a stone staircase leading up.
Health restored: 38
s - 40 stones (gained 5)
A black bear comes into view.
Found an escape hatch in the floor.
You feel very mighty all of a sudden.
You completely miss the black bear. The black bear bites you.
The black bear claws you. x2
The black bear bites you but does no damage.
The black bear claws you but does no damage. x2
You take 8 damage, and have 30/38 hp.
MASSIVE DAMAGE!!
You hit the black bear.
The black bear bites you but does no damage.
The black bear claws you.
The black bear claws you but does no damage.
You barely miss the black bear. The black bear barely misses you.
The black bear misses you. The black bear claws you.
You take 1 damage, and have 29/38 hp.
You slash the black bear! The black bear bites you.
The black bear closely misses you. The black bear claws you.
The black bear bites you but does no damage.
The black bear closely misses you.
The black bear claws you but does no damage.
You take 5 damage, and have 24/38 hp.
You slash the black bear!
The black bear goes berserk!
You closely miss the black bear. The black bear bites you!
The black bear claws you. x2
* * * LOW HITPOINT WARNING * * *
The black bear bites you!
You die...

###########
##.........## .......
............#####.......
#..............#.......
###..#.#######.#.....>.
####.##..## ........
.....###..#### ##.......
##...# ##....###h.......
##..# ####....@.......
#..### ###..#....).[
#<...# #..########
#.##.# #.....# #.##.##
#?###.# #.##..# #.# ..
###.###.# ..# ##
........# .##
###.###.......#


You could see a black bear (berserk).

Vanquished Creatures
  An orc priest (D:3)
  An adder (D:2)
  A worm (D:2)
  2 dart slugs
  5 orcs
  4 ball pythons
  7 endoplasms
  A giant cockroach (D:2)
  6 goblins
  4 hobgoblins
  3 jackals (D:1)
  4 quokkas (D:1)
  6 bats
  5 frilled lizards
  5 kobolds
  4 rats
59 creatures vanquished.

Notes
Turn   | Place    | Note
-------+----------+-------------------------------------------
     0 | D:1      | sokol815 the Demigod Fighter began the quest for the Orb.
     0 | D:1      | Reached XP level 1. HP: 18/18 MP: 3/3
    78 | D:1      | Reached skill level 2 in Axes
   212 | D:1      | Reached XP level 2. HP: 18/25 MP: 4/4
   733 | D:1      | Reached XP level 3. HP: 30/30 MP: 5/5
  1127 | D:2      | Reached skill level 3 in Fighting
  1127 | D:2      | Reached skill level 3 in Axes
  1127 | D:2      | Reached skill level 3 in Armour
  1127 | D:2      | Reached skill level 1 in Dodging
  1201 | D:2      | Found Xoneno's Assorted Antiques.
  1546 | D:3      | Reached XP level 4. HP: 37/38 MP: 6/6
  1693 | D:3      | Noticed a black bear
  1702 | D:3      | HP: 7/38 [black bear (6)]
  1702 | D:3      | Slain by a black bear

Illustrated notes

Levels and vault maps discovered:
D:1:      giann_horns, layout_basic, minmay_hexomino_p4
D:2:      layout_rooms, serial_shops, shop, amethyst_killhole
D:3:      layout_rooms, serial_shops,
          nicolae_shop_temple_entry_statues_fountains, minmay_misc_feat_x,
          uniq_robin

Skill      XL: |  1  2  3 |
---------------+----------+-----
Axes           | 2 3 |  3.3
Fighting       | 3 |  3.2
Armour         | 3 |  3.1
Dodging        | 1 |  1.3
Shields        | |  2.6

Action                     |  1- 3 |  4- 6 || total
---------------------------+-------+-------++-------
  Melee: War axe           |   126 |    19 ||   145
  Throw: Stone             |     2 |       ||     2
    Use: Scroll            |     4 |       ||     4
         Potion            |     1 |     1 ||     2
 Armour: Scale mail        |    51 |    14 ||    65
  Dodge: Dodged            |    58 |     8 ||    66
  Block: Buckler           |    28 |     6 ||    34

Table legend: (Time is in decaauts)
 A = Elapsed time spent in this place.
 B = Non-inter-level travel time spent in this place.
 C = Inter-level travel time spent in this place.
 D = Time resting spent in this place.
 E = Time spent auto-exploring this place.
 F = Levels seen in this place.
 G = Mean time per level.
                   A        B        C        D        E       F      G
               +--------+--------+--------+--------+--------+-----+--------+
         Total |   1760 |   1725 |     35 |      0 |   1371 |   3 |  586.7 |
       Dungeon |   1760 |   1725 |     35 |      0 |   1371 |   3 |  586.7 |
               +--------+--------+--------+--------+--------+-----+--------+

Top non-repeatable levels by time:
     D:1: 1092 daAuts
     D:2: 500 daAuts
     D:3: 167 daAuts

Table legend:
 A = Kills in this place as a percentage of kills in entire the game.
 B = Kills by you in this place as a percentage of kills by you in the entire game.
 C = Kills by friends in this place as a percentage of kills by friends in the entire game.
 D = Other kills in this place as a percentage of other kills in the entire game.
 E = Experience gained in this place as a percentage of experience gained in the entire game.
 F = Experience gained in this place divided by the number of levels of this place that you have seen.
                   A       B       C       D       E      F
               +-------+-------+-------+-------+-------+----------------------
         Total | 100.0 | 100.0 |   N/A |   N/A | 100.0 |  53.0
       Dungeon | 100.0 | 100.0 |   N/A |   N/A | 100.0 |  53.0
               +-------+-------+-------+-------+-------+----------------------
